 Dungeon Crawl Stone Soup version 0.31.0-12-g77e489cdc1 (webtiles) character file.

Game seed: 1351985088887578347

8 Silvore the Trooper (level 2, -2/24 HPs)
             Began as a Demonspawn Fighter on Feb 12, 2024.
             Slain by a goblin
             ... wielding a +0 club
              (4 damage)
             ... on level 1 of the Dungeon.
             The game lasted 00:00:25 (209 turns).

Silvore the Trooper (Demonspawn Fighter)             Turns: 209, Time: 00:00:26

Health: -2/24      AC:  6    Str: 16    XL:     2   Next: 0%
Magic:  2/2        EV:  8    Int:  8    God:
Gold:   0          SH:  4    Dex: 12    Spells: 1/1 levels left

rFire   . . .        a - +0 long sword
rCold   . . .        c - +0 buckler
rNeg    . . .        b - +0 scale mail
rPois   .            (no helmet)
rElec   .            (no cloak)
rCorr   .            (no gloves)
SInv    .            (no boots)
Will    .....        (no amulet) Stlth
                     (no ring)
HPRegen 0.24/turn    (no ring)
MPRegen 0.08/turn

%: no passive effects
@: no status effects
A: demonic touch 1
a: no special abilities


You were on level 1 of the Dungeon.
You visited 1 branch of the dungeon, and saw 1 of its levels.

Inventory:

Hand Weapons
 a - a +0 long sword (weapon)
Armour
 b - a +0 scale mail (worn)
 c - a +0 buckler (worn)
Potions
 d - a potion of might
 e - a potion of curing {unknown}


   Skills:
 + Level 3.1 Fighting
 + Level 1.8 Long Blades
 + Level 2.9 Armour
 + Level 2.8 Shields


You had one spell level left.
You didn't know any spells.
Your spell library was empty.

Dungeon Overview and Level Annotations

Branches:
Dungeon (1/15)

Altars:


Innate Abilities, Weirdness & Mutations

Your touch may inflict minor irresistible damage on your foes.


Message History

The goblin hits you with a +0 club. The goblin barely misses you.
The goblin closely misses you. The goblin barely misses you.
The goblin barely misses you. The goblin hits you but does no damage.
The goblin barely misses you. The goblin hits you but does no damage.
The goblin hits you with a +0 club. The goblin hits you with a +0 dagger.
The goblin hits you but does no damage. You block the goblin's attack.
You block the goblin's attack. The goblin closely misses you.
The goblin closely misses you. The goblin hits you but does no damage.
The goblin hits you but does no damage. The goblin hits you with a +0 dagger.
The goblin closely misses you. You block the goblin's attack.
The goblin closely misses you. The goblin hits you but does no damage.
The goblin hits you but does no damage. The goblin hits you with a +0 dagger.
The goblin hits you but does no damage. The goblin closely misses you.
You block the goblin's attack. The goblin hits you but does no damage.
The goblin hits you but does no damage. x2
The goblin closely misses you. The goblin hits you but does no damage.
The goblin barely misses you. x2
The goblin hits you but does no damage. x2
The goblin hits you with a +0 club. The goblin hits you with a +0 dagger.
The goblin barely misses you. The goblin hits you but does no damage.
You block the goblin's attack. x2
The goblin hits you but does no damage. x2
The goblin barely misses you. The goblin hits you but does no damage.
The goblin hits you with a +0 club.
* * * LOW HITPOINT WARNING * * *
The goblin hits you but does no damage. The goblin hits you with a +0 club.
* * * LOW HITPOINT WARNING * * *
The goblin hits you with a +0 dagger.
* * * LOW HITPOINT WARNING * * *
The goblin hits you but does no damage. x2
The goblin closely misses you. The goblin hits you but does no damage.
The goblin hits you but does no damage. The goblin hits you with a +0 dagger.
* * * LOW HITPOINT WARNING * * *
The goblin hits you but does no damage. The goblin hits you with a +0 dagger.
* * * LOW HITPOINT WARNING * * *
The goblin hits you with a +0 club.
You die...

..............#†###.....#
........†.#####.# #.....#
..##.........#.###..##.#
#......##.#..###.##..
#†..#......#.#
#...###.#....# .
##...##....#.##
....#.....g........
.g........g@....$.$
.....##.########.#.
.....# #.. ..... ###B
.... .. .... #. ##


You could see 2 goblins.

Vanquished Creatures
  A giant cockroach (D:1)
  2 jackals (D:1)
  A quokka (D:1)
  A bat (D:1)
  A frilled lizard (D:1)
  2 rats (D:1)
8 creatures vanquished.

Notes
Turn   | Place    | Note
-------+----------+-------------------------------------------
     0 | D:1      | Silvore the Demonspawn Fighter began the quest for the Orb.
     0 | D:1      | Reached XP level 1. HP: 18/18 MP: 1/1
   178 | D:1      | Gained mutation: Your touch may inflict minor irresistible
                  | damage on your foes. [demonic ancestry]
   178 | D:1      | Reached XP level 2. HP: 20/24 MP: 2/2
   208 | D:1      | HP: 1/24 [goblin/+0 dagger (2)]
   209 | D:1      | Slain by a goblin

Illustrated notes

Levels and vault maps discovered:
D:1:      heliophobic_arrival_glass_houses, layout_rooms

Action                     || total
---------------------------++-------
  Melee: Long sword        ||    31
 Armour: Scale mail        ||    61
  Dodge: Dodged            ||    31
  Block: Buckler           ||    18
